 Dungeon Crawl Stone Soup version 0.29.0-11-gd7f09526c8 (webtiles) character file.

Game seed: 9733298489631551316

0 SkeletonJelly the Ducker (level 1, -12/11 HPs)
             Began as a Spriggan Abyssal Knight on Sept 4, 2022.
             Was a Believer of Lugonu.
             Mangled by a tentacled starspawn (18 damage)
             ... on level 1 of the Abyss.
             The game lasted 00:00:23 (77 turns).

SkeletonJelly the Ducker (Spriggan Abyssal Knight)    Turns: 77, Time: 00:00:23

Health: -12/11     AC:  2    Str:  9      XL:     1   Next: 0%
Magic:  3/3        EV: 17    Int:  8 (11) God:    Lugonu [**....]
Gold:   0          SH:  0    Dex: 13      Spells: 0/0 levels left

rFire   . . .      SeeInvis +   a - +1 short sword
rCold   . . .      Faith    .   (no shield)
rNeg    . . .      Spirit   .   b - +0 robe
rPois   .          Reflect  .   (helmet restricted)
rElec   .          Harm     .   (no cloak)
rCorr   .          Rampage  .   (gloves unavailable)
Will    .....                   (boots unavailable)
Stlth   +.........              (no amulet)
HPRegen 0.03/turn               (no ring)
MPRegen 0.08/turn               (no ring)

@: very quick
A: very small, no large weapons, unfitting armour, see invisible, speed 3,
clumsy 1
a: Renounce Religion, Depart the Abyss, Bend Space


You were on level 1 of the Abyss.
You worshipped Lugonu.
Lugonu was pleased with you.
You visited 0 branches of the dungeon, and saw 0 of its levels.
You visited the Abyss 1 time.

Inventory:

Hand Weapons
 a - a +1 short sword (weapon)
Armour
 b - a +0 robe (worn)


   Skills:
 + Level 2.4 Fighting
 + Level 2.1 Short Blades
 + Level 3.2 Dodging
 + Level 1.7 Invocations


You couldn't memorise any spells.
You didn't know any spells.
Your spell library was empty.

Dungeon Overview and Level Annotations

Branches:
Dungeon (0/15)

Altars:


Innate Abilities, Weirdness & Mutations

You are very small and have problems with some larger weapons.
You are too small for most types of armour.
You have supernaturally acute eyesight. (SInv)
You cover ground extremely quickly. (Speed+++)
You are clumsy. (Dex -2)


Message History

Welcome, SkeletonJelly the Spriggan Abyssal Knight.
If you return without finding the Orb of Zot, so far below, it's all over!
Lugonu says: Depart the Abyss and spread corruption, my servant! (use the ability menu to exit the Abyss) Press ? for a list of commands and other information.
Found a gateway leading out of the Abyss.
There is a gateway leading out of the Abyss here.
A small abomination comes into view.
A neqoxec comes into view.
The neqoxec shouts!
The neqoxec gestures at you.
Something tries to feed on your intellect!
The neqoxec gestures at you.
Strange energies course through your body.
You feel clumsy. The neqoxec gestures at you.
You feel dopey. Something feeds on your intellect!
A tentacled starspawn comes into view.
A tentacled starspawn comes into view.
Tentacles burst from the starspawn's body! x2 4 starspawn tentacles come into view.
The starspawn tentacle grabs you. The starspawn tentacle constricts you.
You take 2 damage, and have 9/11 hp.
You escape the starspawn tentacle's grasp. 2 starspawn tentacle segments come into view.
You hit the starspawn tentacle segment but do no damage.
The starspawn tentacle grabs you. The starspawn tentacle constricts you.
The starspawn tentacle loses its grip on you.
The tentacle pulls you backwards!
You take 3 damage, and have 6/11 hp.
MASSIVE DAMAGE!!
The starspawn tentacle misses you.
You hit the tentacled starspawn.
The tentacled starspawn is lightly damaged.
The starspawn tentacle misses you. The tentacled starspawn bites you!!
Ouch! That really hurt!
You die...

# ##. ..# # #.
#.###..3##.# #..##.
#..#..# #
#....##...#.#.#
#... ......# #####.
#.#.#...
#.#.##≈..#..≈###
##..w###.....##
##..X@.###...##
#≈...w.......#
#≈....#.......#
#≈.....X.........
#≈.....##.........
............#≈≈≈≈≈≈
............##....
≈ .............
.....≈
.#.####...... ....


You could see 2 tentacled starspawn and 2 starspawn tentacles.

Vanquished Creatures (others)
  2 starspawn tentacles (Abyss:1)
2 creatures vanquished.

Notes
Turn   | Place    | Note
-------+----------+-------------------------------------------
     0 | Abyss:1  | SkeletonJelly the Spriggan Abyssal Knight began the quest
                  | for the Orb.
     0 | Abyss:1  | Reached XP level 1. HP: 11/11 MP: 3/3
    46 | Abyss:1  | Noticed a small abomination
    61 | Abyss:1  | Noticed a neqoxec
    64 | Abyss:1  | Gained mutation: You are clumsy. (Dex -2) [a neqoxec]
    69 | Abyss:1  | Noticed a tentacled starspawn
    71 | Abyss:1  | Noticed a tentacled starspawn
    77 | Abyss:1  | Mangled by a tentacled starspawn

Illustrated notes

Levels and vault maps discovered:
Abyss:1:  base: Temple, base:
Temple

Action                   || total
-------------------------++-------
Melee: Short sword       ||     2
Dodge: Dodged            ||     2
